 Dungeon Crawl Stone Soup version 0.21.1-1-g345015f (webtiles) character file.

78 Fortress the Conjurer (level 4, -2/21 HPs)
             Began as a Vine Stalker Conjurer on June 17, 2018.
             Slain by an iguana (5 damage)
             ... on level 3 of the Dungeon.
             The game lasted 00:08:44 (1643 turns).

Fortress the Conjurer (Vine Stalker Conjurer)       Turns: 1643, Time: 00:08:45

Health: -2/21      AC:  2    Str: 10    XL:     4   Next: 36%
Magic:  0/8        EV: 13    Int: 16    God:
Gold:   75         SH:  0    Dex: 15    Spells: 5/8 levels left

rFire    . . .     SeeInvis .   j - +0 short sword
rCold    . . .     Gourm    .   (no shield)
rNeg     . . .     Faith    .   a - +0 robe
rPois    .         Spirit   +   (no helmet)
rElec    .         Reflect  .   (no cloak)
rCorr    .         Harm     .   (no gloves)
MR       .....                  (no boots)
Stlth    ++........             (no amulet)
HPRegen  0.47/turn              (no ring)
MPRegen  0.11/turn              (no ring)

@: no status effects
A: fangs 2, regeneration 1, magic shield, antimagic bite, no potion heal 3, rot
immunity
a: no special abilities


You were on level 3 of the Dungeon.
You were not hungry.

You visited 1 branch of the dungeon, and saw 3 of its levels.

You collected 75 gold pieces.

Inventory:

Hand Weapons
 j - a +0 short sword (weapon)
Missiles
 e - 51 stones (quivered)
 i - 20 sling bullets
Armour
 a - a +0 robe (worn)
Scrolls
 d - 3 scrolls of noise
 f - a scroll of identify
 g - 2 scrolls of remove curse
 h - a scroll of enchant armour {unknown}
 k - a scroll of teleportation {unknown}
Potions
 l - a potion of ambrosia
 m - a potion of flight {unknown}
 n - a potion of curing {unknown}
 o - a potion of might {unknown}
Books
 b - a book of Conjurations

   Spells                             Type                      Level
   a - Magic Dart                     Conjuration                  1
   b - Searing Ray                    Conjuration                  2
   c - Dazzling Spray                 Conjuration/Hexes            3
   d - Fulminant Prism                Conjuration/Hexes            4
   e - Force Lance                    Conjuration/Translocation    4
   f - Iskenderun's Mystic Blast      Conjuration                  4
Comestibles
 c - 3 rations


   Skills:
 + Level 0.2 Short Blades
 + Level 2.1 Dodging
 + Level 2.6 Stealth
 + Level 0.3 Unarmed Combat
 + Level 2.6 Spellcasting
 + Level 5.0 Conjurations


You had 5 spell levels left.
You knew the following spells:

 Your Spells              Type           Power        Failure   Level  Hunger
a - Magic Dart            Conj           ###.         2%          1    #......
b - Searing Ray           Conj           ###...       3%          2    ##.....


Dungeon Overview and Level Annotations

Branches:
Dungeon (3/15)

Altars:

Annotations:
D:2 Jessica


Innate Abilities, Weirdness & Mutations

You have extremely sharp teeth.
Your natural rate of healing is unusually fast.
When hurt, damage is shared between your health and your magic reserves.
Your bite disrupts and absorbs the magic of your enemies.
Potions cannot restore your health.
You are immune to rotting.


Message History

Aim: an iguana The searing ray hits the iguana. (Press . to maintain the ray.)
The iguana bites you!
* * * LOW HITPOINT WARNING * * *
The searing ray misses the iguana.
The iguana barely misses you.
As you read the scroll labeled HOTHYA UTHANAE, it crumbles to dust.
You hear a loud clanging noise!
It was a scroll of noise.
You hear a shout! x9
The iguana completely misses you.
As you read the scroll labeled NOALAO DYIMOU, it crumbles to dust.
It is a scroll of identify.
l - a potion of ambrosia The iguana bites you.
* * * LOW HITPOINT WARNING * * *
As you read the scroll labeled IXUHES FOYPSIASS, it crumbles to dust.
You feel blessed for a moment.
It was a scroll of remove curse.
The iguana bites you.
You die...

#..).#
##.#.#
#.#...
#.###...
#.# ....
####.#
...
#....# ..
#.####
#@#
###l###
#..r..#
#.###...#
#. ..)# #
....
$##.# # #


You could see an iguana and a quokka.

Vanquished Creatures
  A hound zombie (D:3)
  An adder (D:2)
  An ooze (D:1)
  A dart slug (D:1)
  3 leopard geckos
  4 orcs (D:3)
  4 giant cockroaches
  4 goblins
  2 hobgoblins
  4 kobolds
  2 bats
  9 frilled lizards
  6 rats
42 creatures vanquished.

Notes
Turn   | Place    | Note
-------+----------+-------------------------------------------
     0 | D:1      | Fortress the Vine Stalker Conjurer began the quest for the Orb.
     0 | D:1      | Reached XP level 1. HP: 9/9 MP: 4/4
   127 | D:1      | Reached XP level 2. HP: 13/13 MP: 0/6
   503 | D:1      | Reached XP level 3. HP: 16/16 MP: 1/7
  1248 | D:2      | Noticed Jessica
  1431 | D:3      | Learned a level 2 spell: Searing Ray
  1447 | D:3      | Reached skill level 5 in Conjurations
  1468 | D:3      | Gained mutation: Your natural rate of healing is unusually fast. [Vine Stalker growth]
  1468 | D:3      | Reached XP level 4. HP: 15/21 MP: 1/8
  1643 | D:3      | Slain by an iguana

Skill      XL: |  1  2  3 |
---------------+----------+-----
Conjurations   | 5 |  5.0
Dodging        | 2 |  2.1
Short Blades   | |  0.2
Stealth        | |  2.6
Unarmed Combat | |  0.3
Spellcasting   | |  2.6

Action                   |  1- 3 |  4- 6 || total
-------------------------+-------+-------++-------
Melee: Bite              |     5 |     1 ||     6
       Unarmed           |     2 |       ||     2
       Short sword       |    15 |     7 ||    22
 Cast: Magic Dart        |    57 |    11 ||    68
       Searing Ray       |       |     1 ||     1
  Use: Scroll            |       |     3 ||     3
 Stab: Sleeping          |     2 |       ||     2
  Eat: Chunk             |     2 |       ||     2
       Ration            |       |     1 ||     1
Armor: Robe              |     4 |     2 ||     6
Dodge: Dodged            |    18 |     8 ||    26
